 Dungeon Crawl Stone Soup version 0.30.0 (webtiles) character file.

Game seed: 9729309724503803370

7 Kuronicle the Trooper (level 1, 0/27 HPs)
             Began as a Demonspawn Berserker on May 6, 2023.
             Was a Follower of Trog.
             Constricted to death by a ball python (1 damage)
             ... on level 1 of the Dungeon.
             The game lasted 00:00:38 (221 turns).

Kuronicle the Trooper (Demonspawn Berserker)         Turns: 221, Time: 00:00:39

Health: 0/27       AC:  2    Str: 17    XL:     1   Next: 83%
Magic:  1/1        EV:  9    Int:  8    God:    Trog [*.....]
Gold:   14         SH:  0    Dex: 18    Spells: 0/0 levels left

rFire   . .          .
                       - Unarmed
rCold   . . .        (no shield)
rNeg    . . .        a - +0 animal skin
rPois   .            (no helmet)
rElec   .            (no cloak)
rCorr   .            (no gloves)
SInv    .            (no boots)
Will    .....        (no amulet) Stlth
                     d - +6 ring of dexterity
HPRegen 0.24/turn    (no ring)
MPRegen 0.07/turn

%: no passive effects
@: berserking, constricted, very quick
A: no striking features
a: Renounce Religion, Berserk


You were on level 1 of the Dungeon.
You worshipped Trog.
Trog was aware of your devotion.
You visited 1 branch of the dungeon, and saw 1 of its levels.

You collected 14 gold pieces.

Inventory:

Hand Weapons
 b - a +0 hand axe
Armour
 a - a +0 animal skin (worn)
Jewellery
 d - a +6 ring of dexterity (left hand)
Scrolls
 e - a scroll of acquirement {unknown}
Potions
 c - a potion of might {unknown}


   Skills:
 - Level 3.0 Fighting
 * Level 2.0 Armour
 * Level 2.0 Dodging
 + Level 0.4 Stealth
 - Level 2.6 Unarmed Combat


You couldn't memorise any spells.
You didn't know any spells.
Your spell library was empty.

Dungeon Overview and Level Annotations

Branches:
Dungeon (1/15)

Altars:


Message History

You hit the hobgoblin.
You kill the hobgoblin!
Trog accepts your kill.
Your Dodging skill increases to level 2!
You see here a hobgoblin corpse.
Found a peridot ring.
d - a +6 ring of dexterity
Found an escape hatch in the floor.
e - a scroll labelled FIHYNO DURAHAR You feel agile.
d - a +6 ring of dexterity (left hand) Key pressed, stopping explore.
A bat comes into view.
The bat closely misses you. x2
You hit the bat.
You kill the bat!
Trog accepts your kill.
Your Armour skill increases to level 2!
Found a stone staircase leading down.
There is a stone staircase leading down here.
There is a stone staircase leading down here.
A ball python and a goblin come into view.
The goblin is wielding a +0 dagger of electrocution.
The ball python hisses angrily.
The goblin shouts!
The ball python bites you but does no damage.
The ball python grabs you. The ball python constricts you.
You escape the ball python's grasp.
A giant cockroach comes into view.
The goblin hits you with a +0 dagger of electrocution.
You are electrocuted!
Ouch! That really hurt!
* * * LOW HITPOINT WARNING * * *
The ball python barely misses you. The ball python grabs you.
The ball python constricts you.
A red film seems to cover your vision as you go berserk!
You feel yourself moving faster!
You feel mighty! The goblin barely misses you. The ball python bites you.
* * * LOW HITPOINT WARNING * * *
The ball python constricts you.
You die...

#......#
#.#...######
#.##.......#
#.###.####.#
#.###.####.####
#.##..........#
#....#...#.##.
#..#.....#.##.####
#...>.....@g.....#
##.##.#.##S#......
#.##.#.#..# .##.#
#.##....... ..
#.######B... ..
#.# #.##.# .# #.
.# . #. ..


You could see a giant cockroach, a goblin and a ball python.

Vanquished Creatures
  A bat (D:1)
  3 endoplasms (D:1)
  A hobgoblin (D:1)
5 creatures vanquished.

Notes
Turn   | Place    | Note
-------+----------+-------------------------------------------
     0 | D:1      | Kuronicle the Demonspawn Berserker began the quest for the
                  | Orb.
     0 | D:1      | Reached XP level 1. HP: 18/18 MP: 1/1
   221 | D:1      | HP: 1/27 [ball python (1)]
   221 | D:1      | Constricted to death by a ball python

Illustrated notes

Levels and vault maps discovered:
D:1:      heliophobic_arrival_enchanted_forest, layout_loops_ring,
          chequers_decorated_corner

Skill      XL: |  1 |
---------------+----+-----
Dodging        | 2 |  2.0
Armour         | 2 |  2.0
Fighting       | |  3.0
Stealth        | |  0.4
Unarmed Combat | |  2.6

Action                     || total
---------------------------++-------
  Melee: Unarmed           ||    12
 Invoke: Berserk           ||     1
 Armour: Animal skin       ||     1
  Dodge: Dodged            ||     6
